 Dungeon Crawl Stone Soup version 0.25-a0-781-gc44aebf4fe (webtiles) character file.

Game seed: 6901717572843739724, levelgen mode: deterministic

1620 tilp the Quickloader (level 9, 0/47 HPs)
             Began as a Kobold Arcane Marksman on Apr 15, 2020.
             Was an Initiate of Okawaru.
             Killed by nerve-wracking pain
             ... invoked by an orc priest
              (4 damage)
             ... on level 6 of the Dungeon.
             The game lasted 00:17:21 (7546 turns).

tilp the Quickloader (Kobold Arcane Marksman)       Turns: 7546, Time: 00:17:22

Health: 0/47       AC:  6    Str:  9    XL:     9   Next: 17%
Magic:  9/13       EV: 14    Int: 16    God:    Okawaru [......]
Gold:   198        SH:  0    Dex: 15    Spells: 4/14 levels left

rFire    . . .     SeeInvis .   a - +2 hand crossbow (flame)
rCold    . . .     Gourm    .   (shield restricted)
rNeg     . . .     Faith    .   t - +0 leather armour
rPois    .         Spirit   .   (no helmet)
rElec    .         Reflect  .   g - +1 cloak
rCorr    .         Harm     .   C - +0 pair of gloves
MR       .....                  (no boots)
Stlth    +.........             (no amulet)
HPRegen  0.15/turn              (no ring)
MPRegen  0.13/turn              (no ring)

@: no status effects
A: small, carnivore
a: Renounce Religion


You were on level 6 of the Dungeon.
You worshipped Okawaru.
Okawaru was noncommittal.
You were completely stuffed.

You visited 2 branches of the dungeon, and saw 7 of its levels.

You collected 198 gold pieces.

Inventory:

Hand Weapons
 a - a +2 hand crossbow of flaming (weapon)
 b - a +2 dagger of electrocution
 p - a +0 mace
Missiles
 d - 19 bolts (quivered)
 j - 78 arrows
 D - 2 atropa-tipped darts
Armour
 e - a +0 robe
 g - a +1 cloak (worn)
 o - a +0 pair of gloves
 t - a +0 leather armour (worn)
 y - a +0 buckler
 C - a +0 pair of gloves (worn)
 E - a cursed +0 ring mail
Jewellery
 n - an uncursed ring of ice {unknown}
 u - a cursed ring of teleportation {unknown}
Wands
 w - a wand of enslavement (6)
 B - a wand of random effects (17)
 F - a wand of polymorph (6)
Scrolls
 f - 3 scrolls of amnesia
 k - 2 scrolls of noise {unknown}
 m - a scroll of enchant armour {unknown}
 q - a scroll of fear {unknown}
 r - 2 scrolls of teleportation
 s - a scroll of enchant weapon {unknown}
 v - 2 scrolls of remove curse {unknown}
 A - 3 scrolls of identify
Potions
 h - 4 potions of curing
 i - 4 potions of flight
 l - 2 potions of stabbing
 x - a potion of degeneration
 z - a potion of mutation
Comestibles
 c - 12 rations
 G - 3 chunks of flesh


   Skills:
 - Level 1.1 Fighting
 - Level 10.2 Crossbows
 - Level 2.4 Dodging
 - Level 4.3 Shields
 + Level 3.2 Spellcasting
 + Level 4.3 Hexes


You had 4 spell levels left.
You knew the following spells:

 Your Spells              Type           Power        Failure   Level  Hunger
a - Corona                Hex            ###....      4%          1    None
b - Slow                  Hex            ###.....     6%          2    ##.....
c - Portal Projectile     Hex/Tloc       #.....       30%         3    ###....
d - Cause Fear            Hex            ###.......   38%         4    ####...

Your spell library contained the following spells:

 Spells                   Type           Power        Failure   Level  Hunger
 Inner Flame              Hex/Fire       #.......     30%         3    ###....
 Leda's Liquefaction      Hex/Erth       #.........   71%         4    ####...


Dungeon Overview and Level Annotations

Branches:
Dungeon (6/15)             Temple (1/1) D:6

Altars:
Ashenzari
Cheibriados
Dithmenos
Elyvilon
Fedhas
Gozag
Hepliaklqana
Kikubaaqudgha
Makhleb
Okawaru
Qazlal
Ru
Sif Muna
Trog
Uskayaw
Vehumet
Wu Jian
Xom
Yredelemnul
Zin
The Shining One

Shops:
D:5 :

Annotations:
D:3 3 runed translucent doors, exclusion: door, Grendash's ghost, amateur MiFi
D:6 3 runed translucent doors, magipi's ghost, novice TeHu


Innate Abilities, Weirdness & Mutations

You are small and have problems with some larger weapons.
You are carnivorous and can eat meat at any time.


Message History

* * * LOW HITPOINT WARNING * * *
Firing (i - inventory. (/) - cycle)
d - 21 bolts (quivered)
Press: ? - help, Shift-Dir - straight line, f/p - orc priest
Aim: an orc priest, wielding a +0 hand axe (heavily wounded)
You shoot a bolt. The bolt hits the wyvern skeleton.
The bolt burns the wyvern skeleton.
The wyvern skeleton is almost destroyed.
The wyvern skeleton bites you.
* * * LOW HITPOINT WARNING * * *
The wyvern skeleton barely misses you.
Firing (i - inventory. (/) - cycle)
d - 20 bolts (quivered)
Press: ? - help, Shift-Dir - straight line, f/p - orc priest
Aim: an orc priest, wielding a +0 hand axe (heavily wounded)
You shoot a bolt. The bolt hits the wyvern skeleton!
The bolt burns the wyvern skeleton.
You destroy the wyvern skeleton!
Okawaru accepts your kill.
The orc priest mumbles some strange prayers to Beogh against you.
Pain shoots through your body!
You die...

# ..#...##?##... #
#......#.#.... # ##
#...#.##.##.#. ##..
#..####...####..# .#.# #
#.##)...)...(##.# .#.# ...
.#..####...####..#
.#.#..##.##..(#.##(##.#...#
.#..............@(o#....#.#
..###.##.##.###.##$##.###.#
.(......... #.÷###..###.#####
....#..#..## ##..#...........#
#.÷###.....# ##...#####.##.##
#..# #..... ##### #..##.# #..#
#..^. #.###.# ##.# #.#.#
#######.###.#
##.###.#.#########<..........#


You could see an orc priest.

Vanquished Creatures
  2 phantoms
  4 ogres
  A wyvern skeleton (D:6)
  2 scorpions (D:5)
  3 howler monkeys
  A crimson imp (D:6)
  A centaur zombie (D:5)
  A bullfrog zombie (D:5)
  A quasit (D:5)
  A hound (D:5)
  A jelly (D:5)
  2 orc wizards
  An orc priest (D:6)
  A bullfrog skeleton (D:4)
  3 iguanas (D:6)
  Jessica (D:3)
  6 worker ants
  A hound skeleton (D:5)
  2 worker ant zombies (D:5)
  4 gnolls (D:5)
  8 adders
  A shadow imp (D:6)
  2 oozes
  3 adder zombies (D:5)
  An adder skeleton (D:5)
  2 dart slugs
  3 worms
  5 leopard geckos
  14 orcs
  2 ball pythons
  6 giant cockroaches
  8 goblins
  6 hobgoblins
  3 jackals (D:3)
  4 quokkas
  9 bats
  3 frilled lizards
  A jackal zombie (D:5)
  4 kobolds
  A leopard gecko zombie (D:5)
  A quokka skeleton (D:5)
  A quokka zombie (D:5)
  10 rats
137 creatures vanquished.

Notes
Turn   | Place    | Note
-------+----------+-------------------------------------------
     0 | D:1      | tilp the Kobold Arcane Marksman began the quest for the
                  | Orb.
     0 | D:1      | Reached XP level 1. HP: 12/12 MP: 2/2
   181 | D:1      | Reached skill level 3 in Crossbows
   181 | D:1      | Reached XP level 2. HP: 16/16 MP: 0/3
   374 | D:1      | Reached skill level 4 in Crossbows
   374 | D:1      | Reached XP level 3. HP: 14/20 MP: 1/4
  1342 | D:2      | Reached XP level 4. HP: 24/25 MP: 0/5
  1458 | D:2      | Reached skill level 5 in Crossbows
  2006 | D:2      | Learned a level 2 spell: Slow
  2082 | D:3      | Noticed Jessica
  2088 | D:3      | Killed Jessica
  2088 | D:3      | Reached XP level 5. HP: 8/29 MP: 4/6
  2090 | D:3      | Reached skill level 6 in Crossbows
  2735 | D:3      | Found a runed translucent gate.
  2735 | D:3      | Noticed Grendash's ghost (amateur MiFi)
  2736 | D:3      | Found a runed translucent gate.
  2736 | D:3      | Noticed a big kobold
  2737 | D:3      | Noticed a big kobold
  2737 | D:3      | Found a runed translucent gate.
  2853 | D:3      | Found a shimmering blue altar of Sif Muna.
  3249 | D:4      | Noticed a phantom
  3702 | D:4      | HP: 1/29 [poisoned by a worker ant]
  4053 | D:4      | Found a shimmering altar of Xom.
  4119 | D:4      | Reached skill level 7 in Crossbows
  4119 | D:4      | Reached XP level 6. HP: 34/34 MP: 5/7
  4735 | D:4      | Reached skill level 8 in Crossbows
  4960 | D:5      | Entered Level 5 of the Dungeon
  4993 | D:5      | Noticed an ogre
  5097 | D:5      | Reached XP level 7. HP: 37/38 MP: 6/8
  5171 | D:5      | Reached skill level 9 in Crossbows
  5419 | D:5      | Reached skill level 10 in Crossbows
  5419 | D:5      | Reached XP level 8. HP: 33/43 MP: 9/9
  5448 | D:5      | Reached skill level 1 in Shields
  5722 | D:5      | Found a shimmering blue altar of Sif Muna.
  5924 | D:5      | Found Fiargh's Book Emporium.
  6537 | D:6      | Found a staircase to the Ecumenical Temple.
  6842 | Temple   | Entered the Ecumenical Temple
  6953 | Temple   | Became a worshipper of Warmaster Okawaru
  7028 | D:6      | Reached XP level 9. HP: 47/47 MP: 10/12
  7311 | D:6      | Found a runed translucent gate.
  7311 | D:6      | Found a runed translucent gate.
  7311 | D:6      | Found a runed translucent gate.
  7311 | D:6      | Noticed magipi's ghost (novice TeHu)
  7422 | D:6      | Learned a level 3 spell: Portal Projectile
  7427 | D:6      | Learned a level 4 spell: Cause Fear
  7546 | D:6      | Killed from afar by an orc priest

Levels and vault maps discovered:
D:1:      lightli_arrival_lavapool, layout_basic
D:2:      layout_loops_corners, minmay_distorted
D:3:      layout_rooms, gammafunk_ghost_nasty_kobolds, first_ration,
          led_sif_book, uniq_jessica
D:4:      layout_loops_ring, xom_teletrap_fun
D:5:      layout_loops_ring, serial_shops, nicolae_shop_trees, basic_altar,
          serial_undead, serial_undead_f, serial_undead_d, serial_undead_e,
          serial_undead_a, minmay_stone_trees_small, grunt_decor_cap,
          chequers_arboretum
D:6:      layout_basic, minmay_temple_entry_wispy, gammafunk_ghost_necromancy,
          minmay_fractal_squares_gapless_5
Temple:   kilobyte_greek_temple

Skill      XL: |  1  2  3  4  5  6  7  8  9 |
---------------+----------------------------+-----
Crossbows      | 3 4 5 7 8 10 | 10.2
Shields        | 4 |  4.3
Spellcasting   | 2 3 |  3.2
Hexes          | 4 |  4.3
Fighting       | |  1.1
Dodging        | |  2.4

Action                   |  1- 3 |  4- 6 |  7- 9 || total
-------------------------+-------+-------+-------++-------
Melee: Dagger            |    49 |   164 |    28 ||   241
       Short sword       |       |    62 |    96 ||   158
 Fire: Hand crossbow     |    69 |    96 |    98 ||   263
Throw: Dart              |       |       |     2 ||     2
 Cast: Corona            |    18 |    23 |     3 ||    44
       Slow              |       |       |     1 ||     1
       Portal Projectile |       |       |     1 ||     1
  Use: Scroll            |       |     6 |       ||     6
       Potion            |       |     7 |       ||     7
 Stab: Sleeping          |       |       |     1 ||     1
  Eat: Chunk             |    10 |    12 |     9 ||    31
Armor: Robe              |    17 |     1 |       ||    18
       Leather armour    |       |    82 |    19 ||   101
       Skin              |       |     6 |       ||     6
Dodge: Dodged            |    77 |   225 |    90 ||   392

Table legend:
 A = Non-vault XP
 B = Vault XP
 C = Vault XP percentage of total XP
 D = Non-vault monster count
 E = Vault monster count
 F = Vault count percentage of total count
                 A         B        C        D         E       F
            +---------+---------+-------+---------+---------+-------
      Total |    2077 |     238 |  10.3 |     122 |      15 |  10.9
            +---------+---------+-------+---------+---------+-------
        D:1 |      40 |       0 |   0.0 |      22 |       0 |   0.0
        D:2 |      54 |       3 |   5.3 |      16 |       2 |  11.1
        D:3 |      58 |      37 |  38.9 |      21 |       1 |   4.5
        D:4 |     271 |       0 |   0.0 |      14 |       0 |   0.0
        D:5 |     812 |      89 |   9.9 |      27 |       9 |  25.0
        D:6 |     842 |     109 |  11.5 |      22 |       3 |  12.0
            +---------+---------+-------+---------+---------+-------
